 Dungeon Crawl Stone Soup version 0.30-a0-1160-g6e42c06551 (webtiles) character file.

Game seed: 16857977114893571707

18517 GordonOverkill the Thaumaturge (level 12, -11/97 HPs)
             Began as a Mummy Delver on Apr 25, 2023.
             Was a High Priest of Vehumet.
             Mangled by a skeletal warrior
             ... wielding a +0 war axe
              (13 damage)
             ... on level 10 of the Dungeon.
             The game lasted 00:40:50 (14858 turns).

GordonOverkill the Thaumaturge (Mummy Delver)      Turns: 14858, Time: 00:40:51

Health: -11/97     AC: 13    Str: 19    XL:     12   Next: 28%
Magic:  1/26       EV: 16    Int: 14    God:    Vehumet [*****.]
Gold:   946        SH:  5    Dex: 14    Spells: 18/31 levels left

rFire   x . .        h - +2 dagger (venom)
rCold   + + +        (no shield)
rNeg    + + +        e - +0 troll leather armour of the Equator {rC++ Regen+ Str+4}
rPois   ∞            y - +2 helmet
rElec   .            (no cloak)
rCorr   .            k - +2 pair of gloves
SInv    +            a - +2 pair of boots
Will    +....        s - amulet of reflection
Stlth   ++           i - +5 ring of evasion
HPRegen 1.16/turn    p - ring of see invisible
MPRegen 0.20/turn

%: reflection, faith
@: no status effects
A: cold resistance 1, negative energy resistance 3, torment resistance 2, heat
vulnerability 1, in touch with death 1, no potions, faith
a: Renounce Religion


You were on level 10 of the Dungeon.
You worshipped Vehumet.
Vehumet was extremely pleased with you.
You visited 1 branch of the dungeon, and saw 11 of its levels.
You also visited: Bailey.

You collected 946 gold pieces.

Inventory:

Hand Weapons
 h - a +2 dagger of venom (weapon)
Missiles
 t - 22 boomerangs (quivered)
 x - 29 poisoned darts
Armour
 a - a +2 pair of boots (worn)
 e - the +0 troll leather armour of the Equator (worn) {rC++ Regen+ Str+4}
   (You found it on level 6 of the Dungeon)

   Str:       It affects your strength (+4).
   rC:        It greatly protects you from cold.
   Regen:     It increases your rate of health regeneration.
 k - a +2 pair of gloves (worn)
 l - a +2 robe of fire resistance
 q - the +0 robe of Hedge Wizardry {Will+}
   (You found it on level 2 of the Dungeon)

   Will:      It increases your willpower.
 y - a +2 helmet (worn)
 z - the +1 leather armour of Idealism {Int+3 SInv Stlth+}
   (You found it in a bailey)

   Int:       It affects your intelligence (+3).
   SInv:      It lets you see invisible.
   Stlth:     It makes you more stealthy.
Magical Staves
 u - a staff of earth
Jewellery
 i - a +5 ring of evasion (left hand)
 p - a ring of see invisible (right hand)
 s - an amulet of reflection (around neck)
 C - a ring of resist corrosion
 D - a ring of ice
Wands
 f - a wand of digging (10)
 A - a wand of iceblast (12)
 F - a wand of charming (6)
Scrolls
 b - 3 scrolls of amnesia
 d - 2 scrolls of magic mapping
 g - 4 scrolls of vulnerability
 j - 4 scrolls of noise
 m - 2 scrolls of fear
 n - 7 scrolls of teleportation
 o - 5 scrolls of identify
 r - a scroll of torment
 w - 2 scrolls of blinking
 B - 2 scrolls of enchant armour
 E - a scroll of brand weapon


   Skills:
 - Level 10.0 Fighting
 - Level 2.0 Short Blades
 - Level 1.5 Polearms
 - Level 1.5 Dodging
 - Level 4.1 Stealth
 - Level 10.0 Spellcasting
 + Level 9.9 Conjurations
 - Level 2.0 Hexes
 - Level 6.0 Fire Magic
 - Level 2.0 Ice Magic
 - Level 3.0 Earth Magic
 - Level 5.0 Evocations


You had 18 spell levels left.
You knew the following spells:

 Your Spells              Type           Power      Damage    Failure   Level
a - Sandblast             Erth           30%        2d9       1%          1
b - Sticky Flame          Conj/Fire      29%        2d5       1%          4
c - Hailstorm             Conj/Ice       23%        3d7       1%          3
d - Fireball              Conj/Fire      14%        3d8       3%          5

Your spell library contained the following spells:

 Spells                   Type           Power      Damage    Failure   Level
 Ensorcelled Hibernation  Hex/Ice        24%        N/A       9%          2
 Summon Guardian Golem    Hex/Summ       9%         N/A       24%         3
 Orb of Destruction       Conj           17%        9d7       41%         7
 Cause Fear               Hex            6%         N/A       47%         4
 Anguish                  Hex/Necr       7%         N/A       63%         4
 Spellforged Servitor     Conj/Summ      10%        N/A       96%         7
 Chain Lightning          Conj/Air       10%        3d13      100%        9
 Dragon's Call            Summ           3%         N/A       100%        9
 Fire Storm               Conj/Fire      14%        8d4       100%        9
 Shatter                  Erth           7%         3d10*     100%        9
 Spider Form              Tmut/Pois      Unusable   N/A       N/A         3
 Dragon Form              Tmut           Unusable   N/A       N/A         7

Dungeon Overview and Level Annotations

Branches:
Dungeon (11/15)            Temple (0/1) D:7            Lair (0/5) D:9
 Bailey (visited)
    Orc: D:9-12

Altars:
Ashenzari
Cheibriados
Dithmenos
Fedhas
Makhleb
Okawaru
Qazlal
Sif Muna
Vehumet
Wu Jian
Xom

Shops:
D:3 (   D:7 *   D:10 (

Annotations:
D:5 2 transporters, anet's ghost, amateur GrCj


Innate Abilities, Weirdness & Mutations

You are immune to poison.
Your flesh is cold resistant. (rC+)
You are immune to negative energy. (rN+++)
You are immune to unholy pain and torment.
You are vulnerable to heat. (rF-)
You are in touch with the powers of death.
You do not drink.
You have a special connection with the divine. (Faith)


Message History

Confirm with . or Enter, or press ? or * to list all spells.
Aiming: Sandblast (safe; 1% risk of failure)
Press: ? - help, Shift-Dir - straight line, f/p - skeletal warrior
Aim: a skeletal warrior, wielding a +0 war axe (moderately damaged, 82% to hit)
The blast of sand hits the skeletal warrior but does no damage.
The skeletal warrior is moderately damaged.
The skeletal warrior hits you with a +0 war axe!
* * * LOW HITPOINT WARNING * * *
The skeletal warrior hits you with a +0 war axe!!
* * * LOW HITPOINT WARNING * * *
Your magical contamination has completely faded away.
Casting: Sandblast (safe; 1% risk of failure)
Confirm with . or Enter, or press ? or * to list all spells.
Aiming: Sandblast (safe; 1% risk of failure)
Press: ? - help, Shift-Dir - straight line, f/p - skeletal warrior
Aim: a skeletal warrior, wielding a +0 war axe (lightly damaged, 82% to hit)
The blast of sand hits the skeletal warrior but does no damage.
The skeletal warrior is lightly damaged.
The skeletal warrior hits you with a +0 war axe!
* * * LOW HITPOINT WARNING * * *
Casting: Sandblast (safe; 1% risk of failure)
Confirm with . or Enter, or press ? or * to list all spells.
Aiming: Sandblast (safe; 1% risk of failure)
Press: ? - help, Shift-Dir - straight line, f/p - skeletal warrior
Aim: a skeletal warrior, wielding a +0 war axe (lightly damaged, 82% to hit)
The blast of sand hits the skeletal warrior but does no damage.
The skeletal warrior is lightly damaged.
The skeletal warrior hits you with a +0 war axe!!
* * * LOW HITPOINT WARNING * * *
The skeletal warrior hits you with a +0 war axe!
* * * LOW HITPOINT WARNING * * *
Casting: Sandblast (safe; 1% risk of failure)
Confirm with . or Enter, or press ? or * to list all spells.
Aiming: Sandblast (safe; 1% risk of failure)
Press: ? - help, Shift-Dir - straight line, f/p - skeletal warrior
Aim: a skeletal warrior, wielding a +0 war axe (lightly damaged, 82% to hit)
The blast of sand hits the skeletal warrior but does no damage.
The skeletal warrior is lightly damaged.
The skeletal warrior hits you with a +0 war axe!
You die...

#........# #......# #.
#........###......########.
#.................!........
###........###......########.
#..........###......# #...
####.#.................# #.#.
#.......########.......# #.##
#..###...######.....#########.##
#..#..#.....##.@......###......)
#.#.........##.z#......##.....#.
#..#.##.....#...###.#........#..
#..#.#......#...###.##.......#..
#...............................
###.........#.####.#..........).
#.........### ##.#.#.......#).
#.........# #.)..#.......#≈≈
#.[......[# ###...##<##....#)≈


You could see a skeletal warrior.

Vanquished Creatures
  Josephine (D:11)
  3 two-headed ogres
  A death yak (D:10)
  Pikel (D:7)
  An orc knight (Bailey)
  A deep elf pyromancer (Bailey)
  An ugly thing (D:11)
  2 cyclopes (D:11)
  A manticore (D:11)
  Joseph (D:7)
  Maggie (D:6)
  An unseen horror (D:10)
  A komodo dragon (D:11)
  A kobold demonologist (D:11)
  A rime drake (D:9)
  A hornet (D:11)
  A troll (D:9)
  A polar bear (D:10)
  18 yaks
  An unseen horror simulacrum (D:10)
  8 wraiths
  A steam dragon (D:6)
  2 acid dragons
  4 water moccasins
  A sky beast (D:7)
  8 orc warriors
  2 black bears
  9 ice beasts
  An ogre (D:5)
  4 wolves
  3 centaurs
  A phantom (D:6)
  4 kobold brigands
  A lemure (D:7)
  7 bullfrogs
  3 scorpions (D:5)
  3 gnoll sergeants
  8 wights
  2 electric eels (D:10)
  A howler monkey (D:6)
  4 orc priests
  2 gnoll boudas
  6 hounds
  2 jellies
  Ijyb (D:4)
  2 iguanas (D:5)
  9 orc wizards
  2 sleepcaps
  4 centaur simulacra (D:10)
  A mummy (D:10)
  Robin (D:3)
  18 gnolls
  4 adders
  A shadow imp (D:5)
  5 white imps (D:10)
  2 ufetubi (D:6)
  A worm (D:2)
  3 dart slugs
  62 orcs
  7 endoplasms
  2 giant cockroaches
  21 goblins
  5 hobgoblins
  10 jackals (D:5)
  4 quokkas
  5 ball pythons
  9 bats
  6 frilled lizards
  25 kobolds
  6 rats
343 creatures vanquished.

Vanquished Creatures (others)
  9 plants
9 creatures vanquished.

Grand Total: 352 creatures vanquished

Notes
Turn   | Place    | Note
-------+----------+-------------------------------------------
     0 | D:5      | GordonOverkill the Mummy Delver began the quest for the
                  | Orb.
     0 | D:5      | Reached XP level 1. HP: 18/18 MP: 1/1
    27 | D:5      | Found a radiant altar of Vehumet.
    33 | D:5      | Became a worshipper of Vehumet
    39 | D:5      | Noticed an iguana
    40 | D:5      | Noticed a scorpion
    41 | D:5      | Found a transporter.
    41 | D:5      | Noticed anet's ghost (amateur GrCj)
    48 | D:5      | Noticed an iguana
    52 | D:5      | Found a transporter.
    62 | D:5      | Noticed an iguana
    94 | D:5      | Found a shimmering altar of Xom.
   107 | D:5      | Noticed a black bear
   107 | D:5      | Noticed a hound
   284 | D:4      | Noticed a hound
   303 | D:4      | Noticed a sleepcap
   306 | D:3      | Found Rujeuhu's Antique Weapon Shop.
   443 | D:3      | Reached skill level 1 in Spellcasting
   472 | D:3      | Noticed an ice beast
   510 | D:2      | Reached XP level 2. HP: 22/24 MP: 3/3
   713 | D:2      | Identified the +0 robe of Hedge Wizardry {Will+}
   782 | D:2      | Reached skill level 1 in Hexes
   782 | D:2      | Reached skill level 1 in Ice Magic
   782 | D:2      | Gained mutation: You are in touch with the powers of death.
                  | [Mummy growth]
   782 | D:2      | Reached XP level 3. HP: 26/29 MP: 5/5
   783 | D:2      | Reached * piety under Vehumet
   783 | D:2      | Offered knowledge of Sandblast by Vehumet.
   822 | D:2      | Learned a level 1 spell: Sandblast
  1132 | D:1      | Found a faded altar of an unknown god.
  1559 | D:1      | Reached skill level 1 in Evocations
  1630 | D:1      | Offered knowledge of Searing Ray by Vehumet.
  1729 | D:1      | Reached ** piety under Vehumet
  2322 | D:3      | Noticed Robin
  2327 | D:2      | Reached XP level 4. HP: 23/35 MP: 7/7
  2520 | D:3      | Reached skill level 1 in Earth Magic
  2559 | D:3      | Killed Robin
  2566 | D:3      | Offered knowledge of Volatile Blastmotes by Vehumet.
  2781 | D:3      | Killed an ice beast
  2782 | D:3      | Reached XP level 5. HP: 41/41 MP: 8/10
  3037 | D:3      | Found a burning altar of Makhleb.
  3054 | D:3      | Reached *** piety under Vehumet
  3197 | D:4      | Reached XP level 6. HP: 47/47 MP: 10/12
  3462 | D:4      | Found a blossoming altar of Fedhas.
  3706 | D:4      | Noticed Ijyb
  3719 | D:4      | Killed Ijyb
  3720 | D:4      | Reached skill level 5 in Spellcasting
  3720 | D:4      | Reached XP level 7. HP: 50/52 MP: 14/14
  4028 | D:5      | Offered knowledge of Sticky Flame by Vehumet.
  4043 | D:5      | Learned a level 4 spell: Sticky Flame
  4229 | D:5      | Reached **** piety under Vehumet
  4416 | D:5      | Offered knowledge of Hailstorm by Vehumet.
  4421 | D:5      | Learned a level 3 spell: Hailstorm
  4595 | D:5      | Reached skill level 1 in Short Blades
  4649 | D:5      | Reached skill level 1 in Conjurations
  4649 | D:5      | Reached skill level 1 in Fire Magic
  5072 | D:5      | Reached XP level 8. HP: 47/58 MP: 13/15
  5430 | D:5      | Reached ***** piety under Vehumet
  5769 | D:6      | Noticed Maggie
  5777 | D:6      | Killed Maggie
  5778 | D:6      | Reached skill level 5 in Evocations
  5847 | D:6      | Identified the +0 troll leather armour of the Equator {rC++
                  | Regen+ Str+4}
  5879 | D:6      | Found a shimmering blue altar of Sif Muna.
  5979 | D:6      | Offered knowledge of Arcjolt by Vehumet.
  6098 | D:6      | Reached XP level 9. HP: 66/66 MP: 16/16
  6274 | D:6      | Reached skill level 5 in Fighting
  6409 | D:6      | Found an ornate altar of the Wu Jian Council.
  6438 | D:6      | Found a broken altar of Ashenzari.
  6859 | D:6      | Reached skill level 5 in Conjurations
  7124 | D:7      | Found Zin's Purification Station.
  7189 | D:7      | Noticed Pikel
  7213 | D:7      | Killed Pikel
  7227 | D:7      | Found a flagged portal.
  7240 | Bailey   | Entered a bailey
  7633 | Bailey   | Noticed an orc knight
  7707 | Bailey   | Killed an orc knight
  7708 | Bailey   | Reached XP level 10. HP: 21/74 MP: 17/21
  7799 | Bailey   | Found a large runed translucent door.
  7799 | Bailey   | Found a large runed translucent door.
  7800 | Bailey   | Noticed a deep elf pyromancer
  7949 | Bailey   | Killed a deep elf pyromancer
  7950 | Bailey   | Reached skill level 5 in Fire Magic
  7977 | Bailey   | Identified the +0 scale mail "Roclues" {rPois rC- Stlth+}
  7984 | Bailey   | Identified the +1 leather armour of Idealism {Int+3 SInv
                  | Stlth+}
  8254 | D:7      | Noticed Joseph
  8265 | D:7      | Killed Joseph
  8553 | D:7      | Found a staircase to the Ecumenical Temple.
  8983 | D:8      | Offered knowledge of Iskenderun's Battlesphere by Vehumet.
  9127 | D:8      | Found a shadowy altar of Dithmenos.
  9303 | D:8      | Noticed a manticore
  9750 | D:8      | Identified the +1 war axe "Trog's Brutal Revenge" {speed,
                  | rC++ Str-5}
 10221 | D:9      | Noticed a two-headed ogre
 10298 | D:9      | Reached XP level 11. HP: 83/83 MP: 12/24
 10303 | D:9      | Reached skill level 10 in Spellcasting
 10408 | D:9      | Found a staircase to the Lair.
 10453 | D:9      | Found a stormy altar of Qazlal.
 10774 | D:9      | Killed a two-headed ogre
 11250 | D:10     | Entered Level 10 of the Dungeon
 11268 | D:10     | Noticed a death yak
 11288 | D:10     | Killed a death yak
 11288 | D:10     | Offered knowledge of Fireball by Vehumet.
 11320 | D:10     | Learned a level 5 spell: Fireball
 11409 | D:10     | Found Isuruk's Antique Weapon Shoppe.
 11716 | D:10     | Noticed a two-headed ogre
 11724 | D:10     | Killed a two-headed ogre
 11825 | D:10     | Found an iron altar of Okawaru.
 12007 | D:10     | Noticed a two-headed ogre
 12017 | D:10     | Killed a two-headed ogre
 12563 | D:10     | Found a snail-covered altar of Cheibriados.
 12937 | D:11     | Noticed Josephine
 12970 | D:11     | Killed Josephine
 12971 | D:11     | Reached XP level 12. HP: 39/97 MP: 21/26
 13365 | D:11     | Reached skill level 10 in Fighting
 14857 | D:10     | HP: 1/97 [skeletal warrior/+0 war axe (16)]
 14858 | D:10     | Mangled by a skeletal warrior

Illustrated notes

Levels and vault maps discovered:
D:1:      mainiacjoe_arrival_reflecting_pool, layout_loops_corners,
          serial_forest, infiniplex_forest_clump_curved,
          infiniplex_forest_straight_5, infiniplex_forest_zigzag_2,
          infiniplex_forest_lined_2, infiniplex_forest_clump_tiny,
          infiniplex_forest_lined_room_, infiniplex_forest_zigzag_1,
          infiniplex_forest_lined_1, infiniplex_forest_side_room,
          chequers_ecumenical_altar_island, minivault_26,
          corexii_hall_statues_i, minmay_misc_feat_tower
D:2:      layout_rooms
D:3:      layout_rooms, bloody_makhleb, serial_shops, nicolae_shop_waterfront,
          uniq_robin
D:4:      layout_loops_ring, mainiacjoe_overflow_boulevard,
          minmay_misc_feat_cross, uniq_ijyb
D:5:      lemuel_castle_with_subvaults [lemuel_castle_interior_carwin_1],
          layout_basic, nicolae_vehumet_altar_sigil,
          mainiacjoe_overflow_surrounded_room, mainiacjoe_overflow_catwalk,
          gammafunk_ghost_arena
D:6:      layout_basic, nicolae_wu_jian_glorious_leap,
          mainiacjoe_overflow_swirl, serial_glass, glass_columns_a,
          glass_columns_a, glass_columns_b, minmay_strange_pillars,
          serial_park_tiny_pond, uniq_maggie
D:7:      layout_gridville, zin_purify, minmay_temple_entry_junction,
          enter_bailey_4, minmay_misc_feat_roman, uniq_joseph, uniq_pikel
D:8:      layout_basic, mainiacjoe_overflow_large_starburst, minivault_26,
          onia_ninara_dug_in_and_dangerous
D:9:      layout_basic, mainiacjoe_overflow_alcove_1, hellmonk_lair_entry_icy,
          kennysheep_flooded_box, st_stairs_9
D:10:     layout_rooms, kennysheep_okawaru_gauntlet, slow_altar_2, serial_ice,
          serial_ice_h, serial_ice_f, serial_ice_n, serial_ice_g, serial_ice_a,
          serial_ice_e, serial_ice_m, serial_ice_l, serial_ice_b, serial_ice_d,
          serial_shops, shop
D:11:     layout_basic, st_stairs_3, serial_bayou_pond_c, uniq_josephine

Skill      XL: |  1  2  3  4  5  6  7  8  9 10 11 12 |
---------------+-------------------------------------+-----
Spellcasting   | 1 2 3 4 5 7 9 10 | 10.0
Hexes          | 1 2 |  2.0
Ice Magic      | 1 2 |  2.0
Evocations     | 1 2 3 5 |  5.0
Earth Magic    | 1 2 3 |  3.0
Short Blades   | 1 2 |  2.0
Conjurations   | 1 3 5 6 8 9 |  9.9
Fire Magic     | 1 2 4 6 |  6.0
Fighting       | 4 5 6 9 10 | 10.0
Polearms       | |  1.5
Dodging        | |  1.5
Stealth        | |  4.1

Action                     |  1- 3 |  4- 6 |  7- 9 | 10-12 || total
---------------------------+-------+-------+-------+-------++-------
  Melee: Spear             |   203 |     7 |       |       ||   210
         Punch             |     1 |     2 |     8 |    15 ||    26
         Dagger            |       |   121 |   364 |   491 ||   976
         Staff             |       |       |       |    43 ||    43
  Throw: Dart              |     7 |       |       |       ||     7
         Boomerang         |     2 |     8 |     1 |       ||    11
   Cast: Sandblast         |       |       |   174 |    61 ||   235
         Sticky Flame      |       |       |     8 |   117 ||   125
         Hailstorm         |       |       |     3 |    18 ||    21
         Fireball          |       |       |       |    38 ||    38
  Evoke: Wand              |       |     6 |    11 |    15 ||    32
    Use: Scroll            |       |       |    10 |     6 ||    16
   Stab: Sleeping          |    20 |     5 |       |       ||    25
 Armour: Leather armour    |    18 |       |       |       ||    18
         Robe              |    20 |    16 |    54 |       ||    90
         Troll leather arm |       |       |    61 |   222 ||   283
  Dodge: Dodged            |   101 |    80 |   369 |   515 ||  1065
  Block: Other             |       |     7 |   113 |   159 ||   279
         Reflection        |       |       |       |     2 ||     2

Table legend: (Time is in decaauts)
 A = Elapsed time spent in this place.
 B = Non-inter-level travel time spent in this place.
 C = Inter-level travel time spent in this place.
 D = Time resting spent in this place.
 E = Time spent auto-exploring this place.
 F = Levels seen in this place.
 G = Mean time per level.
                   A        B        C        D        E       F      G
               +--------+--------+--------+--------+--------+-----+--------+
         Total |  15168 |  14771 |    397 |   3103 |   7397 |  12 | 1264.0 |
       Dungeon |  14361 |  13964 |    397 |   2679 |   7372 |  11 | 1305.5 |
        Bailey |    806 |    806 |      0 |    424 |     25 |   1 |  806.0 |
               +--------+--------+--------+--------+--------+-----+--------+

Top non-repeatable levels by time:
     D:5: 2177 daAuts
    D:10: 2042 daAuts
    D:11: 1776 daAuts
     D:9: 1359 daAuts
     D:6: 1345 daAuts
     D:1: 1219 daAuts
     D:7: 1062 daAuts
     D:3: 975 daAuts
     D:8: 964 daAuts
  Bailey: 806 daAuts
     D:4: 760 daAuts
     D:2: 678 daAuts
